 Dungeon Crawl Stone Soup version 0.31.0-11-ge490571c62 (webtiles) character file.

Game seed: 16345910428804966854

348 qw the Ducker (level 6, -1/30 HPs)
             Began as a Spriggan Hunter on Feb 5, 2024.
             Slain by a scorpion (4 damage)
             ... in an ossuary.
             The game lasted 00:01:03 (2365 turns).

qw the Ducker (Spriggan Hunter)                     Turns: 2365, Time: 00:01:04

Health: -1/30      AC:  4    Str:  7    XL:     6   Next: 33%
Magic:  7/7        EV: 23    Int: 11    God:
Gold:   328        SH:  0    Dex: 26    Spells: 5/5 levels left

rFire   . . .        a - +0 shortbow
rCold   . . .        (shield currently unavailable)
rNeg    . . .        c - +0 robe
rPois   .            (helmet restricted)
rElec   .            d - +1 cloak
rCorr   .            (gloves unavailable)
SInv    +            (boots unavailable)
Will    ++...        (no amulet)
Stlth   ++           e - +6 ring of dexterity
HPRegen 0.25/turn    b - ring of willpower
MPRegen 0.10/turn

%: no passive effects
@: lethally poisoned (-1 -> -8), about to teleport, very quick
A: very small, no large weapons, unfitting armour, see invisible, speed 3
a: no special abilities


You were in an ossuary.
You visited 1 branch of the dungeon, and saw 4 of its levels.
You also visited: Ossuary.

You collected 328 gold pieces.


Innate Abilities, Weirdness & Mutations

You are very small and have problems with some larger weapons.
You are too small for most types of armour.
You have supernaturally acute eyesight. (SInv)
You cover ground extremely quickly. (Speed+++)


   Skills:
 - Level 2.0 Fighting
 - Level 6.1 Ranged Weapons
 + Level 6.1 Dodging
 - Level 1.5 Stealth


You had 5 spell levels left.
You didn't know any spells.
Your spell library was empty.

Inventory:

Hand Weapons
 a - a +0 shortbow (weapon)
Armour
 c - a +0 robe (worn)
 d - a +1 cloak (worn)
Jewellery
 b - a ring of willpower (right hand)
 e - a +6 ring of dexterity (left hand)
 m - a ring of positive energy
Wands
 h - a wand of paralysis (12)
Scrolls
 i - 2 scrolls of teleportation
Potions
 f - a potion of enlightenment
 g - a potion of resistance
 j - a potion of degeneration {unknown}
 k - a potion of curing {unknown}
 l - a potion of heal wounds {unknown}

Dungeon Overview and Level Annotations

Branches:
Dungeon (4/15)            Ossuary (1/1)
 Temple: D:4-7

Altars:
Ashenzari
Kikubaaqudgha
Qazlal


Message History

The scorpion is almost dead.
You feel very sick. The scorpion barely misses you.
The scorpion stings you but does no damage.
You shoot an arrow. The arrow hits the scorpion.
You kill the scorpion!
You feel sick. The scorpion completely misses you.
The scorpion barely misses you.
Your Ranged Weapons skill increases to level 6!
You shoot an arrow. The arrow hits the scorpion.
The scorpion is moderately wounded.
You feel sick. The scorpion closely misses you.
You shoot an arrow. The arrow closely misses the scorpion.
You feel sick.
The scorpion stings you but does no damage.
You shoot an arrow.
The arrow hits the scorpion but does no damage.
The scorpion is moderately wounded.
You feel sick. The scorpion misses you.
You shoot an arrow.
The arrow hits the scorpion but does no damage.
The scorpion is moderately wounded.
You feel sick.
The scorpion stings you but does no damage.
The scorpion stings you.
You shoot an arrow.
The arrow hits the scorpion but does no damage.
The scorpion is moderately wounded.
You feel sick. The scorpion stings you.
You are lethally poisoned!
The scorpion poisons you!
You shoot an arrow. The arrow hits the scorpion!
The scorpion is almost dead.
You feel very sick. The scorpion closely misses you.
2365 ||| READING 3 scrolls of teleportation.
As you read the scroll of teleportation, it crumbles to dust.
You feel strangely unstable.
You feel sick. The scorpion stings you.
You die...

#...# ##...##
#.....# ##...## #
## ### #...#
##.###.###.####'##
.............#...#
......s......'^\.#
.......@.....#..^#
##.###.###.#######
## ###


You could see a scorpion.

Vanquished Creatures
  A scorpion (Ossuary)
  A human zombie (Ossuary)
  4 scorpion zombies (Ossuary)
  3 mummies (Ossuary)
  5 adders (D:2)
  2 adder zombies (Ossuary)
  2 dart slugs
  A ribbon worm (D:2)
  5 orcs (D:3)
  3 ball pythons (D:1)
  4 bats
  7 endoplasms
  2 giant cockroaches
  5 goblins
  13 kobolds
  A quokka (D:1)
  3 frilled lizards
  A gnoll zombie (Ossuary)
  2 jackal zombies (Ossuary)
  7 kobold zombies (Ossuary)
  11 rats
83 creatures vanquished.

Notes
Turn   | Place    | Note
-------+----------+-------------------------------------------
     0 | D:1      | qw the Spriggan Hunter began the quest for the Orb.
     0 | D:1      | Reached XP level 1. HP: 10/10 MP: 2/2
     0 | D:1      | 0 ||| qw: Version: 0.3-a-160-g6735b56
     0 | D:1      | 0 ||| qw: Game counter: 6432
     0 | D:1      | 0 ||| qw: Melee chars always use a shield: true
     0 | D:1      | 0 ||| qw: God list: Okawaru
     0 | D:1      | 0 ||| qw: Allow faded altars: false
     0 | D:1      | 0 ||| qw: Do Orc after clearing Dungeon:15 true
     0 | D:1      | 0 ||| qw: Do second Lair branch before Depths: true
     0 | D:1      | 0 ||| qw: Lair rune preference: random
     0 | D:1      | 0 ||| qw: Goals: Normal
     0 | D:1      | 0 ||| PLANNING D:1-11
    51 | D:1      | Reached skill level 3 in Dodging
   141 | D:1      | Reached XP level 2. HP: 14/14 MP: 3/3
   815 | D:1      | 815 ||| READING scroll labelled OPSAOZXU PYSAMISH.
   816 | D:1      | 816 ||| DRINKING 2 golden potions.
   921 | D:1      | 921 ||| DROPPING scroll of butterflies.
   922 | D:1      | 922 ||| DROPPING potion of berserk rage.
   940 | D:2      | Found a faded altar of an unknown god.
   943 | D:2      | Reached XP level 3. HP: 18/18 MP: 4/4
  1046 | D:2      | Found a broken altar of Ashenzari.
  1056 | D:2      | Reached XP level 4. HP: 22/22 MP: 5/5
  1283 | D:2      | 1283 ||| UPGRADING to +0 cloak.
  1288 | D:2      | 1288 ||| UPGRADING to +6 ring of dexterity.
  1289 | D:2      | 1289 ||| READING scroll labelled TIOCRI TAR CUS.
  1289 | D:2      | 1289 ||| ENCHANTING +0 cloak.
  1290 | D:2      | 1290 ||| READING scroll labelled CAHATI KU NIF.
  1295 | D:2      | 1295 ||| DRINKING 2 smoky ruby potions.
  1296 | D:2      | 1296 ||| DROPPING potion of attraction.
  1414 | D:3      | Found a stormy altar of Qazlal.
  1680 | D:3      | Found an ancient bone altar of Kikubaaqudgha.
  1691 | D:3      | 1691 ||| DROPPING ring of wizardry.
  1692 | D:3      | 1692 ||| READING scroll labelled MUETUS NAVOIVY.
  1692 | D:3      | 1692 ||| IDENTIFYING bubbling purple potion
  1693 | D:3      | 1693 ||| READING scroll labelled HAOTEPRECO.
  1694 | D:3      | 1694 ||| DRINKING 2 fizzy brown potions.
  2048 | D:3      | 2048 ||| UPGRADING to ring of willpower.
  2049 | D:3      | 2049 ||| READING scroll labelled COYHIU CYMY.
  2093 | D:4      | 2093 ||| PLANNING OSSUARY
  2121 | D:4      | Found a sand-covered staircase.
  2128 | Ossuary  | Entered an ossuary
  2131 | Ossuary  | 2131 ||| RETREEEEATING.
  2132 | Ossuary  | 2132 ||| RETREEEEATING.
  2133 | Ossuary  | 2133 ||| RETREEEEATING.
  2134 | Ossuary  | 2134 ||| RETREEEEATING.
  2135 | Ossuary  | 2135 ||| RETREEEEATING.
  2136 | Ossuary  | 2136 ||| RETREEEEATING.
  2137 | Ossuary  | 2137 ||| RETREEEEATING.
  2145 | Ossuary  | Reached XP level 5. HP: 21/25 MP: 6/6
  2153 | Ossuary  | Reached skill level 6 in Dodging
  2283 | Ossuary  | Reached XP level 6. HP: 30/30 MP: 7/7
  2359 | Ossuary  | Reached skill level 6 in Ranged Weapons
  2364 | Ossuary  | HP: 5/30 [poisoned by a scorpion]
  2365 | Ossuary  | 2365 ||| READING 3 scrolls of teleportation.
  2365 | Ossuary  | Slain by a scorpion

Levels and vault maps discovered:
D:1:      amcnicky_arrival_flooded_fountain, layout_loops_ring, serial_forest,
          infiniplex_forest_lined_4_way, infiniplex_forest_end_1,
          infiniplex_forest_join, infiniplex_forest_clump_medium,
          infiniplex_forest_lined_room_, infiniplex_forest_3_way,
          infiniplex_forest_clump_long, minivault_5, nicolae_figureground_pulse
D:2:      layout_rooms, basic_altar, basic_ecumenical_altar
D:3:      layout_basic, nicolae_qazlal_general_emergency, amcnicky_altar_gilded,
          serial_park_tiny_2, st_stairs_1, kennysheep_small_spiral
D:4:      layout_basic, nicolae_ossuary_entry_ruins
Ossuary:  ossuary_minmay_chase

Skill      XL: |  1  2  3  4  5  6 |
---------------+-------------------+-----
Dodging        | 3 4 5 6 |  6.1
Ranged Weapons | 5 6 |  6.1
Fighting       | 2 |  2.0
Stealth        | |  1.5

Action                     |  1- 3 |  4- 6 || total
---------------------------+-------+-------++-------
   Fire: Shortbow          |    63 |   185 ||   248
    Use: Scroll            |     1 |     6 ||     7
         Potion            |     1 |     2 ||     3
 Armour: Robe              |     3 |    24 ||    27
  Dodge: Dodged            |    20 |    66 ||    86

Table legend:
 A = Non-vault XP
 B = Vault XP
 C = Vault XP percentage of total XP
 D = Non-vault monster count
 E = Vault monster count
 F = Vault count percentage of total count
                 A         B        C        D         E       F
            +---------+---------+-------+---------+---------+-------
      Total |     167 |     331 |  66.5 |      60 |      23 |  27.7
            +---------+---------+-------+---------+---------+-------
        D:1 |      40 |       0 |   0.0 |      24 |       0 |   0.0
        D:2 |     102 |       0 |   0.0 |      25 |       0 |   0.0
        D:3 |      25 |       3 |  10.7 |      11 |       2 |  15.4
    Ossuary |       0 |     328 | 100.0 |       0 |      21 | 100.0
            +---------+---------+-------+---------+---------+-------
